Workbook
Name Excel_BuiltIn__FilterDatabase: 手元現金出納帳・銀行預金出納帳!$B$1:$J$12

Sheet 手元現金出納帳・銀行預金出納帳
A1: 手元現金出納帳 (2019/4/1～2020/3/31)
A2: 処理日 | B2: 領収書等月日 | C2: 収支 | D2: 科目 | E2: 補助科目 | F2: 摘要 | G2: 領収書等貼付ページ | H2: 購入先/支払先等 | I2: 収入 | J2: 支出 | K2: 残高
A3: 43556 | C3: 繰越 | F3: 前期繰越手許現金 | I3: 121529 | K3: =+I3-J3 -> 121529
A4: 43575 | B4: 43566 | C4: 支出 | D4: 04.活動費③募金支出 | E4: ①緑の募金 | F4: ①緑の募金 | G4: 1 | J4: 1000 | K4: =K3+I4-J4 -> 120529
A5: 43589 | B5: 43585 | C5: 収入 | D5: 04.その他収入①集団回収 | E5: アルミ缶回収費 | F5: 2019年04月 120kg×@50円 | G5: 2 | H5: 渡辺商店 | I5: 6000 | K5: =K4+I5-J5 -> 126529
A6: 43589 | B6: 43568 | C6: 支出 | D6: 04.活動費①行事支出 | E6: ①端午の節句(5/5) | F6: 生花 カジュアル 4本 | G6: 2 | H6: TOKYO FLOWER MARKET 西葛西メトロ店 | J6: 1160 | K6: =K5+I6-J6 -> 125369
A7: 43589 | B7: 43582 | C7: 支出 | D7: 04.活動費①行事支出 | E7: ①端午の節句(5/5) | F7: 生花 洋花 12本 | G7: 2 | H7: 島忠ホームズ葛西店 | J7: 2556 | K7: =K6+I7-J7 -> 122813
A8: 43589 | B8: 43589 | C8: 支出 | D8: 04.活動費④諸経費 | E8: 印刷費 | F8: 定例総会資料コピー 570枚×@10円 | G8: 3 | H8: ローソン西葛西店 | J8: 5700 | K8: =K7+I8-J8 -> 117113
A9: 43590 | B9: 43590 | C9: 支出 | D9: 08.渉外費 | E9: ①宇喜田・小島地区自治連懇親会（5/5） | F9: ①宇喜田・小島地区自治連懇親会 2名×@3,000円 | G9: 3 | H9: 宇喜田・小島地区自治連絡協議会 | J9: 6000 | K9: =K8+I9-J9 -> 111113
A10: 43604 | B10: 43594 | C10: 支出 | D10: 04.活動費③募金支出 | E10: ②赤十字社活動募金 | F10: ②赤十字社活動募金 | G10: 4 | H10: 日本赤十字社東京都支部江戸川区地区 | J10: 2000 | K10: =K9+I10-J10 -> 109113
A11: 43616 | B11: 43604 | C11: 支出 | D11: 08.渉外費 | E11: ②自治会会議費懇親会費(5/19) | F11: 自治会会議費懇親会費(5/19) 8人 | G11: 5 | H11: 浜焼きダイニング和師 西葛西店 | J11: 27345 | K11: =K10+I11-J11 -> 81768
A12: 43617 | B12: 43612 | C12: 収入 | D12: 04.その他収入①集団回収 | E12: アルミ缶回収費 | F12: 2019年05月 110kg×@50円 | G12: 5 | H12: 渡辺商店 | I12: 5500 | K12: =K11+I12-J12 -> 87268
A13: 43636 | B13: 43636 | C13: 移動 | F13: 預金口座より手許現金引き出し 200,000円 | I13: 200000 | K13: =K12+I13-J13 -> 287268
A14: 43637 | C14: 支出 | D14: 08.渉外費 | E14: ●弔慰金 | F14: 弔慰金（107髙木金三郎様/6月14日逝去） | J14: 10000 | K14: =K13+I14-J14 -> 277268
A15: 43645 | B15: 43591 | C15: 支出 | D15: 04.活動費④諸経費 | E15: 印刷費 | F15: 定例総会(5/19)掲示物 | G15: 6 | H15: 荻原役員 | J15: 120 | K15: =K14+I15-J15 -> 277148
A16: 43645 | B16: 43642 | C16: 支出 | D16: 04.活動費①行事支出 | E16: ②七夕飾り(7/7) | F16: 掲示物印刷 | G16: 7 | H16: 荻原役員 | J16: 200 | K16: =K15+I16-J16 -> 276948
A17: 43645 | B17: 43619 | C17: 支出 | D17: 04.活動費①行事支出 | E17: ②七夕飾り(7/7) | F17: 結束バンド | G17: 8 | H17: カインズ南砂町SUNAMO店 | J17: 1044 | K17: =K16+I17-J17 -> 275904
A18: 43645 | B18: 43620 | C18: 支出 | D18: 04.活動費①行事支出 | E18: ②七夕飾り(7/7) | F18: 短冊 | G18: 8 | H18: イオン葛西店 | J18: 483 | K18: =K17+I18-J18 -> 275421
A19: 43645 | B19: 43620 | C19: 支出 | D19: 04.活動費①行事支出 | E19: ②七夕飾り(7/7) | F19: ウオールステッカー他 | G19: 8 | H19: ダイソーサニーモール西葛西店 | J19: 864 | K19: =K18+I19-J19 -> 274557
A20: 43645 | B20: 43620 | C20: 支出 | D20: 04.活動費①行事支出 | E20: ②七夕飾り(7/7) | F20: メッキ吹き流し他 | G20: 8 | H20: パッケージプラザ 葛西店 | J20: 3377 | K20: =K19+I20-J20 -> 271180
A21: 43645 | B21: 43625 | C21: 支出 | D21: 04.活動費①行事支出 | E21: ②七夕飾り(7/7) | F21: 短冊 | G21: 8 | H21: ダイソーサニーモール西葛西店 | J21: 216 | K21: =K20+I21-J21 -> 270964
A22: 43645 | B22: 43638 | C22: 支出 | D22: 04.活動費①行事支出 | E22: ②七夕飾り(7/7) | F22: 丸キリ、カラーワイヤー、ファイルケース | G22: 8 | H22: ダイソーサニーモール西葛西店 | J22: 324 | K22: =K21+I22-J22 -> 270640
A23: 43645 | B23: 43638 | C23: 支出 | D23: 04.活動費①行事支出 | E23: ②七夕飾り(7/7) | F23: ゴミ袋 | G23: 8 | H23: キャンドゥメトロセンター3番街店 | J23: 216 | K23: =K22+I23-J23 -> 270424
A24: 43652 | B24: 43623 | C24: 支出 | D24: 02.自治連年会費 | E24: 宇喜田・小島地区自治連協議会分担金 | F24: 宇喜田・小島地区自治連協議会分担金 | G24: 9 | H24: 宇喜田・小島地区自治連協議会 | J24: 23000 | K24: =K23+I24-J24 -> 247424
A25: 43652 | B25: 43614 | C25: 支出 | D25: 04.活動費④諸経費 | E25: 印刷費 | F25: 刊行物配布口座名義変更通帳コピー（河本） 2枚×@10円 | G25: 10 | J25: 20 | K25: =K24+I25-J25 -> 247404
A26: 43652 | B26: 43622 | C26: 支出 | D26: 04.活動費④諸経費 | E26: 消耗品 | F26: 自治会挨拶状はがき 2枚×＠62円 | G26: 10 | H26: ローソン西葛西店 | J26: 124 | K26: =K25+I26-J26 -> 247280
A27: 43652 | B27: 43622 | C27: 支出 | D27: 04.活動費④諸経費 | E27: 消耗品 | F27: 集団回収代表者変更届切手 1枚×＠82円 | G27: 10 | J27: 82 | K27: =K26+I27-J27 -> 247198
A28: 43652 | B28: 43622 | C28: 支出 | D28: 04.活動費④諸経費 | E28: 印刷費 | F28: 自治会挨拶状 8枚×＠10円 | G28: 10 | J28: 80 | K28: =K27+I28-J28 -> 247118
A29: 43652 | B29: 43622 | C29: 支出 | D29: 04.活動費④諸経費 | E29: 印刷費 | F29: 口座名義変更届通帳コピー 2枚×＠10円 | G29: 10 | J29: 20 | K29: =K28+I29-J29 -> 247098
A30: 43652 | B30: 43649 | C30: 支出 | D30: 04.活動費④諸経費 | E30: 交通費 | F30: 区長懇談会 | G30: 10 | J30: 555 | K30: =K29+I30-J30 -> 246543
A31: 43652 | B31: 43640 | C31: 収入 | D31: 04.その他収入①集団回収 | E31: アルミ缶回収費 | F31: 2019年06月 120kg×@50円 | G31: 10 | H31: 渡辺商店 | I31: 6000 | K31: =K30+I31-J31 -> 252543
A32: 43662 | B32: 43575 | C32: 収入 | D32: 06.募金 | E32: ④歳末たすけあい運動募金（2019） | F32: バザー後売上 | G32: 11 | H32: ヴァンベール西葛西店 | I32: 300 | K32: =K31+I32-J32 -> 252843
A33: 43662 | B33: 43612 | C33: 収入 | D33: 06.募金 | E33: ④歳末たすけあい運動募金（2019） | F33: バザー後売上 | G33: 11 | I33: 1890 | K33: =K32+I33-J33 -> 254733
A34: 43677 | B34: 43674 | C34: 収入 | D34: 06.募金 | E34: ④歳末たすけあい運動募金（2019） | F34: バームの夏まつり | I34: 1697 | K34: =K33+I34-J34 -> 256430
A35: 43677 | B35: 43674 | C35: 収入 | D35: 03.行事収入 | E35: ①夏まつり(7/28) | F35: ①夏まつり(7/28) 有料おつまみチケット売上 162枚@100円 | I35: 16200 | K35: =K34+I35-J35 -> 272630
A36: 43677 | B36: 43674 | C36: 収入 | D36: 03.行事収入 | E36: ①夏まつり(7/28) | F36: ①夏まつり(7/28) 参加料 | I36: 14400 | K36: =K35+I36-J36 -> 287030
A37: 43677 | B37: 43674 | C37: 支出 | D37: 04.活動費①行事支出 | E37: ③夏まつり(7/28) | F37: ビール生樽20ℓ×3、ビール生樽10ℓ×1、生樽用氷他 | G37: 12 | H37: 田野商店 | J37: 47200 | K37: =K36+I37-J37 -> 239830
A38: 43677 | B38: 43666 | C38: 支出 | D38: 04.活動費①行事支出 | E38: ③夏まつり(7/28) | F38: ソフトドリンク | G38: 12 | H38: 楽天西友ネットスーパー株式会社 | J38: 3870 | K38: =K37+I38-J38 -> 235960
A39: 43677 | B39: 43666 | C39: 支出 | D39: 04.活動費①行事支出 | E39: ③夏まつり(7/28) | F39: ビンゴカード 3種×@108円 | G39: 12 | H39: ダイソーサニーモール西葛西店 | J39: 324 | K39: =K38+I39-J39 -> 235636
A40: 43677 | B40: 43670 | C40: 支出 | D40: 04.活動費①行事支出 | E40: ③夏まつり(7/28) | F40: クオカード 10点×@490円 | G40: 12 | H40: アクセスチケット新橋店 | J40: 4900 | K40: =K39+I40-J40 -> 230736
A41: 43681 | B41: 43672 | C41: 支出 | D41: 04.活動費①行事支出 | E41: ③夏まつり(7/28) | F41: プロパンガス 2kg | G41: 13 | H41: 株式会社サクマ | J41: 1944 | K41: =K40+I41-J41 -> 228792
A42: 43684 | B42: 43654 | C42: 支出 | D42: 04.活動費①行事支出 | E42: ③夏まつり(7/28) | F42: スーパーボール、ポイ他 | G42: 14 | H42: パッケージプラザ葛西店 | J42: 3807 | K42: =K41+I42-J42 -> 224985
A43: 43684 | B43: 43654 | C43: 支出 | D43: 07.消耗品 | E43: 備品（消耗品） | F43: カップ、フードパック、薬味皿他 | G43: 14 | H43: パッケージプラザ葛西店 | J43: 3840 | K43: =K42+I43-J43 -> 221145
A44: 43684 | B44: 43654 | C44: 支出 | D44: 04.活動費①行事支出 | E44: ③夏まつり(7/28) | F44: 駐車券 | G44: 14 | J44: 300 | K44: =K43+I44-J44 -> 220845
A45: 43684 | B45: 43654 | C45: 支出 | D45: 06.備品費 | E45: 備品（資産） | F45: クーラーボックス | G45: 14 | H45: 島忠ホームズ葛西店 | J45: 8618 | K45: =K44+I45-J45 -> 212227
A46: 43684 | B46: 43654 | C46: 支出 | D46: 07.消耗品 | E46: 備品（消耗品） | F46: サインフォルダー、養生テープ、付箋紙他 | G46: 14 | H46: 島忠ホームズ葛西店 | J46: 7169 | K46: =K45+I46-J46 -> 205058
A47: 43684 | B47: 43654 | C47: 支出 | D47: 07.消耗品 | E47: 備品（消耗品） | F47: タッパー、フードコンテナ | G47: 14 | H47: ザ・ダイソー 島忠ホームズ葛西店 | J47: 324 | K47: =K46+I47-J47 -> 204734
A48: 43684 | B48: 43654 | C48: 支出 | D48: 04.活動費①行事支出 | E48: ③夏まつり(7/28) | F48: 無漂白ボウル | G48: 15 | H48: カインズ南砂町SUNAMO店 | J48: 98 | K48: =K47+I48-J48 -> 204636
A49: 43684 | B49: 43670 | C49: 支出 | D49: 07.消耗品 | E49: 備品（消耗品） | F49: 蚊取り線香皿、アルミホイル、サランラップ他 | G49: 15 | H49: カインズ南砂町SUNAMO店 | J49: 2741 | K49: =K48+I49-J49 -> 201895
A50: 43684 | B50: 43670 | C50: 支出 | D50: 04.活動費④諸経費 | E50: 交通費 | F50: 東京メトロ 西葛西↔南砂町(カインズ南砂町SUNAMO店) | J50: 340 | K50: =K49+I50-J50 -> 201555
A51: 43684 | B51: 43670 | C51: 支出 | D51: 04.活動費①行事支出 | E51: ③夏まつり(7/28) | F51: ウエットティシュー | G51: 15 | H51: ダイソーサニーモール西葛西店 | J51: 324 | K51: =K50+I51-J51 -> 201231
A52: 43684 | B52: 43670 | C52: 支出 | D52: 07.消耗品 | E52: 備品（消耗品） | F52: フードコンテナ | G52: 15 | H52: ダイソーサニーモール西葛西店 | J52: 108 | K52: =K51+I52-J52 -> 201123
A53: 43684 | B53: 43671 | C53: 支出 | D53: 07.消耗品 | E53: 備品（消耗品） | F53: キッチンタオル、ペーパータオル、コップ | G53: 16 | H53: オーケー 西葛西店 | J53: 1248 | K53: =K52+I53-J53 -> 199875
A54: 43684 | B54: 43672 | C54: 支出 | D54: 04.活動費①行事支出 | E54: ③夏まつり(7/28) | F54: テーブル酢 | G54: 16 | H54: イオン葛西店 | J54: 199 | K54: =K53+I54-J54 -> 199676
A55: 43684 | B55: 43672 | C55: 支出 | D55: 04.活動費①行事支出 | E55: ③夏まつり(7/28) | F55: 袋菓子（詰め合わせ）、袋菓子（その他） | G55: 17 | H55: イオン葛西店 | J55: 5880 | K55: =K54+I55-J55 -> 193796
A56: 43684 | B56: 43673 | C56: 支出 | D56: 07.消耗品 | E56: 備品（消耗品） | F56: ハンドソープ | G56: 17 | H56: オーケー 西葛西店 | J56: 246 | K56: =K55+I56-J56 -> 193550
A57: 43684 | B57: 43673 | C57: 支出 | D57: 04.活動費①行事支出 | E57: ③夏まつり(7/28) | F57: 水、お新香、紅ショウガ他 | G57: 17 | H57: オーケー 西葛西店 | J57: 6043 | K57: =K56+I57-J57 -> 187507
A58: 43684 | B58: 43673 | C58: 支出 | D58: 04.活動費①行事支出 | E58: ③夏まつり(7/28) | F58: フランクフルト、焼きそば、焼きおにぎり、餃子 | G58: 17 | H58: オーケー 西葛西店 | J58: 16110 | K58: =K57+I58-J58 -> 171397
A59: 43684 | B59: 43673 | C59: 支出 | D59: 04.活動費①行事支出 | E59: ③夏まつり(7/28) | F59: 塩 | G59: 17 | H59: オーケー 西葛西店 | J59: 89 | K59: =K58+I59-J59 -> 171308
A60: 43684 | B60: 43673 | C60: 支出 | D60: 07.消耗品 | E60: 備品（消耗品） | F60: レンジフード | G60: 17 | H60: オーケー 西葛西店 | J60: 430 | K60: =K59+I60-J60 -> 170878
A61: 43684 | B61: 43673 | C61: 支出 | D61: 04.活動費①行事支出 | E61: ③夏まつり(7/28) | F61: 氷、スイカ、ブロックベーコン、炒め油 | G61: 18 | H61: オーケー 西葛西店 | J61: 8259 | K61: =K60+I61-J61 -> 162619
A62: 43684 | B62: 43674 | C62: 支出 | D62: 04.活動費①行事支出 | E62: ③夏まつり(7/28) | F62: バームの夏まつり関連印刷物 | G62: 19 | H62: 荻原役員 | J62: 2990 | K62: =K61+I62-J62 -> 159629
... A78: 43689 | B78: 43687 | C78: 支出 | D78: 04.活動費④諸経費 | E78: 会議費 | F78: ローソンセレクト麦茶 2ℓ | G78: 24 | H78: ローソン西葛西店 | J78: 183 | K78: =K77+I78-J78 -> 146838
A79: 43689 | B79: 43675 | C79: 収入 | D79: 04.その他収入①集団回収 | E79: アルミ缶回収費 | F79: 2019年07月 130kg×@50円 | G79: 25 | H79: 渡辺商店 | I79: 6500 | K79: =K78+I79-J79 -> 153338
A80: 43691 | B80: 43686 | C80: 支出 | D80: 04.活動費④諸経費 | E80: 会議費 | F80: お茶 2ℓ×3 | G80: 18 | H80: オーケー 西葛西店 | J80: 319 | K80: =K79+I80-J80 -> 153019
A81: 43715 | B81: 43708 | C81: 支出 | D81: 07.消耗品 | E81: 備品（消耗品） | F81: カードリング、小判札、荷造りロープ他 | G81: 26 | H81: カインズ南砂町SUNAMO店 | J81: 2048 | K81: =K80+I81-J81 -> 150971
A82: 43715 | B82: 43708 | C82: 支出 | D82: 04.活動費④諸経費 | E82: 交通費 | F82: 東京メトロ 西葛西↔南砂町(カインズ南砂町SUNAMO店) | J82: 340 | K82: =K81+I82-J82 -> 150631
A83: 43715 | B83: 43706 | C83: 支出 | D83: 04.活動費③募金支出 | E83: ③青い羽根募金 | F83: ③青い羽根募金 | G83: 27 | H83: 公益社団法 日本水難救済会 | J83: 1000 | K83: =K82+I83-J83 -> 149631
A84: 43715 | B84: 43703 | C84: 収入 | D84: 04.その他収入①集団回収 | E84: アルミ缶回収費 | F84: 2019年08月 120kg×@50円 | G84: 27 | H84: 渡辺商店 | I84: 6000 | K84: =K83+I84-J84 -> 155631
A85: 43743 | B85: 43734 | C85: 支出 | D85: 04.活動費①行事支出 | E85: ④防災訓練(9/16) | F85: 防災DVD区返却切手代 | G85: 28 | H85: 西葛西駅前郵便局 | J85: 140 | K85: =K84+I85-J85 -> 155491
A86: 43743 | B86: 43730 | C86: 支出 | D86: 04.活動費①行事支出 | E86: ④防災訓練(9/16) | F86: 防災訓練関連印刷物 | G86: 28 | H86: 荻原役員 | J86: 300 | K86: =K85+I86-J86 -> 155191
A87: 43743 | B87: 43717 | C87: 支出 | D87: 07.消耗品 | E87: 備品（消耗品） | F87: 画鋲：クリアープッシュピン、80個入り | G87: 28 | H87: ダイソー サニーモール西葛西店 | J87: 108 | K87: =K86+I87-J87 -> 155083
A88: 43743 | B88: 43722 | C88: 支出 | D88: 07.消耗品 | E88: 備品（消耗品） | F88: アルカリ電池：ボルテージマクセル、LR6(1)8P+2、1.5V、単3 | G88: 29 | H88: ケーズデンキ西葛西店 | J88: 615 | K88: =K87+I88-J88 -> 154468
A89: 43743 | B89: 43738 | C89: 収入 | D89: 04.その他収入①集団回収 | E89: アルミ缶回収費 | F89: 2019年09月 150kg×@50円 | G89: 29 | H89: 渡辺商店 | I89: 7500 | K89: =K88+I89-J89 -> 161968
A90: 43766 | B90: 43766 | C90: 支出 | D90: 04.活動費④諸経費 | E90: 健康講座(10/30) | F90: サントリー緑茶 伊右衛門 2ℓ×2 | G90: 30 | H90: オーケー 西葛西店 | J90: 257 | K90: =K89+I90-J90 -> 161711
A91: 43771 | B91: 43767 | C91: 収入 | D91: 04.その他収入①集団回収 | E91: アルミ缶回収費 | F91: 2019年10月 120kg×@50円 | G91: 30 | H91: 渡辺商店 | I91: 6000 | K91: =K90+I91-J91 -> 167711
A92: 43792 | C92: 支出 | D92: 08.渉外費 | E92: ●弔慰金 | F92: 弔慰金（120伊東淳吉様/11月19日逝去） | J92: 10000 | K92: =K91+I92-J92 -> 157711
A93: 43792 | B93: 43792 | C93: 支出 | D93: 04.活動費④諸経費 | E93: 健康講座(11/27) | F93: キリン生茶 2ℓ×2 | G93: 30 | H93: オーケー 西葛西店 | J93: 235 | K93: =K92+I93-J93 -> 157476
A94: 43806 | B94: 43811 | C94: 支出 | D94: 04.活動費③募金支出 | E94: ⑦歳末たすけあい募金 | F94: 1,697円（夏まつり募金）+13,773円（バザー）+5,000円 | G94: 30 | H94: 江戸川区社会福祉協議会 | J94: 20470 | K94: =K93+I94-J94 -> 137006
A95: 43806 | B95: 43800 | C95: 支出 | D95: 04.活動費①行事支出 | E95: ⑧年末電飾（12/1） | F95: 作業時飲み物 | G95: 31 | H95: ローソン西葛西店 | J95: 688 | K95: =K94+I95-J95 -> 136318
A96: 43806 | B96: 43801 | C96: 支出 | D96: 04.活動費①行事支出 | E96: ⑩正月飾り（1/1） | F96: 鏡餅 生切りもち特大40個入り 2kg | G96: 31 | H96: Amazon.co.jp | J96: 2196 | K96: =K95+I96-J96 -> 134122
A97: 43806 | B97: 43806 | C97: 支出 | D97: 04.活動費④諸経費 | E97: 健康講座(10/30) | F97: 健康講座関連印刷物 | G97: 32 | H97: 荻原役員 | J97: 110 | K97: =K96+I97-J97 -> 134012
A98: 43806 | B98: 43806 | C98: 支出 | D98: 04.活動費④諸経費 | E98: 印刷費 | F98: staffカード（自治会共通） | G98: 32 | H98: 荻原役員 | J98: 360 | K98: =K97+I98-J98 -> 133652
A99: 43806 | B99: 43806 | C99: 支出 | D99: 04.活動費④諸経費 | E99: 健康講座(11/27) | F99: 健康講座関連印刷物 | G99: 32 | H99: 荻原役員 | J99: 110 | K99: =K98+I99-J99 -> 133542
A100: 43806 | B100: 43806 | C100: 支出 | D100: 04.活動費④諸経費 | E100: 印刷費 | F100: クリスマス飾り、年末電飾配置図他 | G100: 32 | H100: 荻原役員 | J100: 310 | K100: =K99+I100-J100 -> 133232
A101: 43806 | B101: 43770 | C101: 支出 | D101: 04.活動費①行事支出 | E101: ⑦クリスマス飾り（12/25） | F101: 交通費 秋葉原往復 電飾購入 | H101: 荻原役員 | J101: 400 | K101: =K100+I101-J101 -> 132832
A102: 43806 | B102: 43778 | C102: 支出 | D102: 04.活動費①行事支出 | E102: ⑧年末電飾（12/1） | F102: 交通費 南砂町往復 電飾購入 | H102: 荻原役員 | J102: 340 | K102: =K101+I102-J102 -> 132492
A103: 43806 | B103: 43794 | C103: 収入 | D103: 04.その他収入①集団回収 | E103: アルミ缶回収費 | F103: 2019年11月 110kg×@50円 | G103: 33 | H103: 渡辺商店 | I103: 5500 | K103: =K102+I103-J103 -> 137992
A104: 43806 | B104: 43770 | C104: 支出 | D104: 04.活動費①行事支出 | E104: ⑦クリスマス飾り（12/25） | F104: クリスマスツリー電飾（チェーンライト） | G104: 33 | H104: ヨドバシカメラ 秋葉店 | J104: 11740 | K104: =K103+I104-J104 -> 126252
A105: 43806 | B105: 43774 | C105: 支出 | D105: 07.消耗品 | E105: 備品（消耗品） | F105: ロックタイ パチッとロック、中、11.5cm、200本入り | G105: 33 | H105: ダイソー サニーモール西葛西店 | J105: 220 | K105: =K104+I105-J105 -> 126032
A106: 43806 | B106: 43776 | C106: 支出 | D106: 04.活動費①行事支出 | E106: ⑦クリスマス飾り（12/25） | F106: オーナメント | G106: 33 | H106: ダイソー サニーモール西葛西店 | J106: 1540 | K106: =K105+I106-J106 -> 124492
A107: 43806 | B107: 43777 | C107: 支出 | D107: 04.活動費①行事支出 | E107: ⑦クリスマス飾り（12/25） | F107: 生花 シクラメン 中4鉢、小6鉢 | G107: 33 | H107: 島忠ホームズ葛西店 | J107: 7414 | K107: =K106+I107-J107 -> 117078
A108: 43806 | B108: 43777 | C108: 支出 | D108: 04.活動費①行事支出 | E108: ⑦クリスマス飾り（12/25） | F108: オブジェ、ウインドポップ、オーナメント、リース、固定材料 | G108: 34 | H108: 島忠ホームズ葛西店 | J108: 22191 | K108: =K107+I108-J108 -> 94887
A109: 43806 | B109: 43777 | C109: 支出 | D109: 04.活動費①行事支出 | E109: ⑧年末電飾（12/1） | F109: バックルコンテナ(中）、チェーンライト、防水シート他 | G109: 34 | H109: 島忠ホームズ葛西店 | J109: 34382 | K109: =K108+I109-J109 -> 60505
A110: 43806 | B110: 43777 | C110: 支出 | D110: 07.消耗品 | E110: 備品（消耗品） | F110: 結束バンド、延長コード、カットテープ、ビニールテープ、タグ | G110: 34 | H110: 島忠ホームズ葛西店 | J110: 12433 | K110: =K109+I110-J110 -> 48072
A111: 43806 | B111: 43778 | C111: 支出 | D111: 04.活動費①行事支出 | E111: ⑦クリスマス飾り（12/25） | F111: 固定材料 | G111: 34 | H111: ドイト南砂店 | J111: 3141 | K111: =K110+I111-J111 -> 44931
A112: 43806 | B112: 43778 | C112: 支出 | D112: 04.活動費①行事支出 | E112: ⑦クリスマス飾り（12/25） | F112: レンガブロック、フック | G112: 34 | H112: カインズ南砂町SUNAMO店 | J112: 794 | K112: =K111+I112-J112 -> 44137
A113: 43806 | B113: 43778 | C113: 支出 | D113: 04.活動費①行事支出 | E113: ⑧年末電飾（12/1） | F113: チェーンライト | G113: 34 | H113: カインズ南砂町SUNAMO店 | J113: 5980 | K113: =K112+I113-J113 -> 38157
A114: 43806 | B114: 43783 | C114: 支出 | D114: 04.活動費①行事支出 | E114: ⑦クリスマス飾り（12/25） | F114: クリスマスリース | G114: 34 | H114: 島忠ホームズ葛西店 | J114: 1958 | K114: =K113+I114-J114 -> 36199
A115: 43806 | B115: 43783 | C115: 支出 | D115: 07.消耗品 | E115: 備品（消耗品） | F115: 接着剤、分配コード、インシュロック | G115: 34 | H115: 島忠ホームズ葛西店 | J115: 4612 | K115: =K114+I115-J115 -> 31587
...

Sheet 収支表示（集計）
A1: 別添1（続き）
A3: 第16期自治会収支報告 (2019/4/1～2020/3/31)
D4: データ
A5: 収支 | B5: 科目 | C5: 補助科目 | D5: 収入の部 | E5: 支出の部
A6: 収入 | B6: 01.コミュニティ費 | C6: 第33期コミュニティー費 | D6: 500000
B7: 01.コミュニティ費 集計 | D7: 500000
B8: 02.区・文書等配布委託金 | C8: 刊行物配布委託料 | D8: 130800
B9: 02.区・文書等配布委託金 集計 | D9: 130800
B10: 03.行事収入 | C10: ①夏まつり(7/28) | D10: 30600
B11: 03.行事収入 集計 | D11: 30600
B12: 04.その他収入①集団回収 | C12: アルミ缶回収費 | D12: 71500
C13: 集団回収報奨金(2018/10-2019/03) | D13: 24300
C14: 集団回収報奨金(2019/4-2019/09) | D14: 27600
B15: 04.その他収入①集団回収 集計 | D15: 123400
B16: 04.その他収入②その他 | C16: 銀行利息* | D16: 13
B17: 04.その他収入②その他 集計 | D17: 13
B18: 05.寄付金 | C18: ①夏まつり（東京葬祭） | D18: 30000
C19: ②防災訓練（東京葬祭) | D19: 30000
C20: ③運動会（東京葬祭） | D20: 30000
C21: ④バームの新年会（東京葬祭） | D21: 30000
C22: ⑤自治会バザー（東京葬祭） | D22: 30000
B23: 05.寄付金 集計 | D23: 150000
B24: 06.募金 | C24: ④歳末たすけあい運動募金（2019） | D24: 3887
B25: 06.募金 集計 | D25: 3887
A26: 支出 | B26: 01.行政分担金 | C26: 葛西まつり分担金 | E26: 6540
C27: 葛西地区自治会連合会分担金 | E27: 11990
C28: 葛西防犯カメラの会分担金 | E28: 6540
C29: 社会福祉協議会正会員会費 | E29: 2180
C30: 青少年育成葛西第一地区委員会助成金 | E30: 4360
B31: 01.行政分担金 集計 | E31: 31610
B32: 02.自治連年会費 | C32: 宇喜田・小島地区自治連協議会分担金 | E32: 23000
B33: 02.自治連年会費 集計 | E33: 23000
B34: 03.防犯協会加入分担金 | C34: 令和元年度葛西防犯協会支部会費 | E34: 7630
C35: 令和元年度葛西防犯協会特別賛助会費 | E35: 5000
B36: 03.防犯協会加入分担金 集計 | E36: 12630
B37: 04.活動費①行事支出 | C37: ①端午の節句(5/5) | E37: 3716
C38: ②七夕飾り(7/7) | E38: 6724
C39: ③夏まつり(7/28) | E39: 107145
C40: ④防災訓練(9/16) | E40: 440
C41: ⑤運動会(9/22) | E41: 7800
C42: ⑦クリスマス飾り（12/25） | E42: 49398
C43: ⑧年末電飾（12/1） | E43: 42395
C44: ⑨カレンダー交換会（12/28） | E44: 100
C45: ⑩正月飾り（1/1） | E45: 61769
C46: ⑪バームの新年会（1/12） | E46: 42530
C47: ⑫ひな祭り(3/3) | E47: 3058
B48: 04.活動費①行事支出 集計 | E48: 325075
B49: 04.活動費②自治会保険料 | C49: 損保ジャパン日本興亜自治会活動保険保険料 | E49: 33354
B50: 04.活動費②自治会保険料 集計 | E50: 33354
B51: 04.活動費③募金支出 | C51: ①緑の募金 | E51: 1000
C52: ②赤十字社活動募金 | E52: 2000
C53: ③青い羽根募金 | E53: 1000
C54: ⑦歳末たすけあい募金 | E54: 20470
B55: 04.活動費③募金支出 集計 | E55: 24470
B56: 04.活動費④諸経費 | C56: 印刷費 | E56: 6810
C57: 会議費 | E57: 898
C58: 健康講座(10/30) | E58: 367
C59: 健康講座(11/27) | E59: 345
C60: 交通費 | E60: 2523
C61: 消耗品 | E61: 206
B62: 04.活動費④諸経費 集計 | E62: 11149
B63: 05.印刷関係費 | C63: 第33期コピー機使用料 | E63: 45480
B64: 05.印刷関係費 集計 | E64: 45480
B65: 06.備品費 | C65: 備品（資産） | E65: 8618
B66: 06.備品費 集計 | E66: 8618
B67: 07.消耗品 | C67: 備品（消耗品） | E67: 42290
B68: 07.消耗品 集計 | E68: 42290
B69: 08.渉外費 | C69: ●弔慰金 | E69: 40000
C70: ①宇喜田・小島地区自治連懇親会（5/5） | E70: 6000
C71: ②自治会会議費懇親会費(5/19) | E71: 27345
C72: ④自治会会議費懇親会費(12/28) | E72: 12850
C73: ⑤葛西地区新年顔合わせ会(1/8) | E73: 5000
C74: ⑥サークル活動費 | E74: 9900
B75: 08.渉外費 集計 | E75: 101095
B76: 09.銀行手数料 | C76: 振込手数料 | E76: 3250
B77: 09.銀行手数料 集計 | E77: 3250
A78: 総計 | D78: 938700 | E78: 662021

Sheet 予算実績表
A2: 第16期（令和元年度）予算実績表
A4: 2019年4月1日～2020年3月31日 | H4: (単位：円）
A5: 収 入 の 部 | E5: 支 出 の 部
A6: 科 目 | B6: 予算額 | C6: 実績額 | D6: 予算残 | E6: 科 目 | F6: 予算額 | G6: 実績額 | H6: 予算残
A7: コミュニティ費 | B7: 500000 | C7: =GETPIVOTDATA("収入の部",'収支表示（集計）'!$A$4,"収支","収入","科目","01.コミュニティ費") -> 500000 | D7: =B7-C7 -> 0 | E7: 行政分担金 | F7: 31610 | G7: =GETPIVOTDATA("支出の部",'収支表示（集計）'!$A$4,"収支","支出","科目","01.行政分担金") -> 31610 | H7: =F7-G7 -> 0
A8: 区・文書等配布委託金 | B8: 130800 | C8: =GETPIVOTDATA("収入の部",'収支表示（集計）'!$A$4,"収支","収入","科目","02.区・文書等配布委託金") -> 130800 | D8: =B8-C8 -> 0 | E8: 自治連年会費 | F8: 23000 | G8: =GETPIVOTDATA("支出の部",'収支表示（集計）'!$A$4,"収支","支出","科目","02.自治連年会費") -> 23000 | H8: =F8-G8 -> 0
A9: 行事収入 | B9: 45000 | C9: =GETPIVOTDATA("収入の部",'収支表示（集計）'!$A$4,"収支","収入","科目","03.行事収入") -> 30600 | D9: =B9-C9 -> 14400 | E9: 防犯協会加入分担金 | F9: 12630 | G9: =GETPIVOTDATA("支出の部",'収支表示（集計）'!$A$4,"収支","支出","科目","03.防犯協会加入分担金") -> 12630 | H9: =F9-G9 -> 0
A10: その他収入 | B10: =B11+B12+B13 -> 105012 | C10: =C11+C12+C13 -> 123413 | D10: =B10-C10 -> -18401 | E10: 活動費 | F10: =SUM(F11:F14) -> 718678 | G10: =SUM(G11:G14) -> 394048 | H10: =F10-G10 -> 324630
A11: ①集団回収報奨金 | B11: 45000 | C11: =GETPIVOTDATA("収入の部",'収支表示（集計）'!$A$4,"収支","収入","科目","04.その他収入①集団回収","補助科目","集団回収報奨金(2018/10-2019/03)")+GETPIVOTDATA("収入の部",'収支表示（集計）'!$A$4,"収支","収入","科目","04.その他収入①集団回収","補助科目","集団回収報奨金(2019/4-2019/09)") -> 51900 | D11: =B11-C11 -> -6900 | E11: ①行事支出 | F11: 645000 | G11: =GETPIVOTDATA("支出の部",'収支表示（集計）'!$A$4,"収支","支出","科目","04.活動費①行事支出") -> 325075 | H11: =F11-G11 -> 319925
A12: ②アルミ缶回収費 | B12: 60000 | C12: =GETPIVOTDATA("収入の部",'収支表示（集計）'!$A$4,"収支","収入","科目","04.その他収入①集団回収","補助科目","アルミ缶回収費") -> 71500 | D12: =B12-C12 -> -11500 | E12: ②自治会保険料 | F12: 33678 | G12: =GETPIVOTDATA("支出の部",'収支表示（集計）'!$A$4,"収支","支出","科目","04.活動費②自治会保険料") -> 33354 | H12: =F12-G12 -> 324
A13: ③その他 | B13: 12 | C13: =GETPIVOTDATA("収入の部",'収支表示（集計）'!$A$4,"収支","収入","科目","04.その他収入②その他") -> 13 | D13: =B13-C13 -> -1 | E13: ③募金支出 | F13: 30000 | G13: =GETPIVOTDATA("支出の部",'収支表示（集計）'!$A$4,"収支","支出","科目","04.活動費③募金支出") -> 24470 | H13: =F13-G13 -> 5530
A14: 寄付金 | B14: 150000 | C14: =GETPIVOTDATA("収入の部",'収支表示（集計）'!$A$4,"収支","収入","科目","05.寄付金") -> 150000 | D14: =B14-C14 -> 0 | E14: ④諸経費 | F14: 10000 | G14: =GETPIVOTDATA("支出の部",'収支表示（集計）'!$A$4,"収支","支出","科目","04.活動費④諸経費") -> 11149 | H14: =F14-G14 -> -1149
A15: 募金 | B15: 40000 | C15: =GETPIVOTDATA("収入の部",'収支表示（集計）'!$A$4,"収支","収入","科目","06.募金") -> 3887 | D15: =B15-C15 -> 36113 | E15: 印刷関係費 | F15: 50000 | G15: =GETPIVOTDATA("支出の部",'収支表示（集計）'!$A$4,"収支","支出","科目","05.印刷関係費") -> 45480 | H15: =F15-G15 -> 4520
E16: 備品費 | F16: 50000 | G16: =GETPIVOTDATA("支出の部",'収支表示（集計）'!$A$4,"収支","支出","科目","06.備品費") -> 8618 | H16: =F16-G16 -> 41382
E17: 消耗品費 | F17: 10000 | G17: =GETPIVOTDATA("支出の部",'収支表示（集計）'!$A$4,"収支","支出","科目","07.消耗品") -> 42290 | H17: =F17-G17 -> -32290
E18: 渉外費 | F18: 170000 | G18: =GETPIVOTDATA("支出の部",'収支表示（集計）'!$A$4,"収支","支出","科目","08.渉外費") -> 101095 | H18: =F18-G18 -> 68905
E19: 銀行手数料 | F19: 3000 | G19: =GETPIVOTDATA("支出の部",'収支表示（集計）'!$A$4,"収支","支出","科目","09.銀行手数料") -> 3250 | H19: =F19-G19 -> -250
E20: 予備費 | F20: 30000 | G20: 0 | H20: =F20-G20 -> 30000
A21: 収入合計 | B21: =B7+B8+B9+B10+B14+B15 -> 970812 | C21: =C7+C8+C9+C10+C14+C15 -> 938700 | D21: =B21-C21 -> 32112 | E21: 支出合計 | F21: =F7+F8+F9+F10+F15+F16+F17+F18+F19+F20 -> 1098918 | G21: =SUM(G7:G10)+SUM(G15:G20) -> 662021 | H21: =F21-G21 -> 436897

Sheet 今期決算書
A1: 別添1
A2: 第16期（令和元年度）決算書
A4: 2019年4月1日～2020年3月31日 | H4: (単位：円）
A5: 収 入 の 部 | E5: 支 出 の 部
A6: 科 目 | B6: 予算額 | C6: 実績額 | D6: 備 考 | E6: 科 目 | F6: 予算額 | G6: 実績額 | H6: 備 考
A7: コミュニティ費 | B7: 500000 | C7: =GETPIVOTDATA("収入の部",'収支表示（集計）'!$A$4,"収支","収入","科目","01.コミュニティ費") -> 500000 | E7: 行政分担金 | F7: 31610 | G7: =GETPIVOTDATA("支出の部",'収支表示（集計）'!$A$4,"収支","支出","科目","01.行政分担金") -> 31610
A8: 区・文書等配布委託金 | B8: 130800 | C8: =GETPIVOTDATA("収入の部",'収支表示（集計）'!$A$4,"収支","収入","科目","02.区・文書等配布委託金") -> 130800 | E8: 自治連年会費 | F8: 23000 | G8: =GETPIVOTDATA("支出の部",'収支表示（集計）'!$A$4,"収支","支出","科目","02.自治連年会費") -> 23000
A9: 行事収入 | B9: 45000 | C9: =GETPIVOTDATA("収入の部",'収支表示（集計）'!$A$4,"収支","収入","科目","03.行事収入") -> 30600 | E9: 防犯協会加入分担金 | F9: 12630 | G9: =GETPIVOTDATA("支出の部",'収支表示（集計）'!$A$4,"収支","支出","科目","03.防犯協会加入分担金") -> 12630
A10: その他収入 | B10: =B11+B12+B13 -> 105012 | C10: =C11+C12+C13 -> 123413 | E10: 活動費 | F10: =SUM(F11:F14) -> 718678 | G10: =SUM(G11:G14) -> 394048
A11: ①集団回収報奨金 | B11: 45000 | C11: =GETPIVOTDATA("収入の部",'収支表示（集計）'!$A$4,"収支","収入","科目","04.その他収入①集団回収","補助科目","集団回収報奨金(2018/10-2019/03)")+GETPIVOTDATA("収入の部",'収支表示（集計）'!$A$4,"収支","収入","科目","04.その他収入①集団回収","補助科目","集団回収報奨金(2019/4-2019/09)") -> 51900 | E11: ①行事支出 | F11: 645000 | G11: =GETPIVOTDATA("支出の部",'収支表示（集計）'!$A$4,"収支","支出","科目","04.活動費①行事支出") -> 325075 | H11: 注４
A12: ②アルミ缶回収費 | B12: 60000 | C12: =GETPIVOTDATA("収入の部",'収支表示（集計）'!$A$4,"収支","収入","科目","04.その他収入①集団回収","補助科目","アルミ缶回収費") -> 71500 | E12: ②自治会保険料 | F12: 33678 | G12: =GETPIVOTDATA("支出の部",'収支表示（集計）'!$A$4,"収支","支出","科目","04.活動費②自治会保険料") -> 33354
A13: ③その他 | B13: 12 | C13: =GETPIVOTDATA("収入の部",'収支表示（集計）'!$A$4,"収支","収入","科目","04.その他収入②その他") -> 13 | D13: 注１ | E13: ③募金支出 | F13: 30000 | G13: =GETPIVOTDATA("支出の部",'収支表示（集計）'!$A$4,"収支","支出","科目","04.活動費③募金支出") -> 24470 | H13: 注５
A14: 寄付金 | B14: 150000 | C14: =GETPIVOTDATA("収入の部",'収支表示（集計）'!$A$4,"収支","収入","科目","05.寄付金") -> 150000 | D14: 注２ | E14: ④諸経費 | F14: 10000 | G14: =GETPIVOTDATA("支出の部",'収支表示（集計）'!$A$4,"収支","支出","科目","04.活動費④諸経費") -> 11149
A15: 募金 | B15: 40000 | C15: =GETPIVOTDATA("収入の部",'収支表示（集計）'!$A$4,"収支","収入","科目","06.募金") -> 3887 | D15: 注３ | E15: 印刷関係費 | F15: 50000 | G15: =GETPIVOTDATA("支出の部",'収支表示（集計）'!$A$4,"収支","支出","科目","05.印刷関係費") -> 45480
E16: 備品費 | F16: 50000 | G16: =GETPIVOTDATA("支出の部",'収支表示（集計）'!$A$4,"収支","支出","科目","06.備品費") -> 8618 | H16: 注６
E17: 消耗品費 | F17: 10000 | G17: =GETPIVOTDATA("支出の部",'収支表示（集計）'!$A$4,"収支","支出","科目","07.消耗品") -> 42290
E18: 渉外費 | F18: 170000 | G18: =GETPIVOTDATA("支出の部",'収支表示（集計）'!$A$4,"収支","支出","科目","08.渉外費") -> 101095 | H18: 注７
E19: 銀行手数料 | F19: 3000 | G19: =GETPIVOTDATA("支出の部",'収支表示（集計）'!$A$4,"収支","支出","科目","09.銀行手数料") -> 3250
E20: 予備費 | F20: 30000 | G20: 0
A21: 収入合計 | B21: =B7+B8+B9+B10+B14+B15 -> 970812 | C21: =C7+C8+C9+C10+C14+C15 -> 938700 | E21: 支出合計 | F21: =F7+F8+F9+F10+F15+F16+F17+F18+F19+F20 -> 1098918 | G21: =SUM(G7:G10)+SUM(G15:G20) -> 662021
A22: 前期繰越金 | B22: 1442222 | C22: =B22 -> 1442222 | E22: 次期繰越金 | F22: =F23-F21 -> 1314116 | G22: =G23-G21 -> 1718901
A23: 収入・繰越金合計 | B23: =B21+B22 -> 2413034 | C23: =C21+C22 -> 2380922 | E23: 支出・繰越金合計 | F23: =B23 -> 2413034 | G23: =C23 -> 2380922
A25: 43953
A26: 第16期収支決算を上記の通り上程し、ご報告いたします。
B27: バームハイツ西葛西自治会
B28: 会 長 | C28: 河本 政美
A29: 43953
A30: 第16期決算書を監査した結果、適正なることを認めます。
B31: 監 事 | C31: 佐々木 健太郎

Sheet 今期貸借対照表
A1: 別添1（続き）
A2: 第16期（令和元年度）貸借対照表
A4: 2020年3月31日現在 | F4: (単位：円）
A5: 資 産 の 部 | D5: 負債及び繰越金の部
A6: 科 目 | C6: 金額 | D6: 科 目 | F6: 金額
A7: 現預金 | B7: 普通預金 | C7: 1627082 | D7: 未払金 | E7: 未払金 | F7: 0
B8: 現金 | C8: 91819 | D8: 前受金 | E8: 前受金 | F8: 0
B9: 小計 | C9: =SUM(C7:C8) -> 1718901 | D9: 預り金 | E9: 預り金・借受金 | F9: 0
D10: 振替金 | E10: 未振替金 | F10: 0
A11: 未収入金 | B11: 未収入金 | C11: 0
B12: 仮払金 | C12: 0
D16: 次期繰越金 | F16: =今期決算書!G22 -> 1718901
A17: 合 計 | C17: =C9+C11+C12 -> 1718901 | D17: 合 計 | F17: =SUM(F7:F16) -> 1718901

Sheet 次期予算案
A1: 別添3
A2: 第17期（令和2年度）予算案
A3: 2020年4月1日～2021年3月31日 | H3: (単位：円）
A4: 収 入 の 部 | E4: 支 出 の 部
A5: 科 目 | B5: 前期実績 | C5: 予算額 | D5: 備 考 | E5: 科 目 | F5: 前期実績 | G5: 予算額 | H5: 備 考
A6: コミュニティ費 | B6: =今期決算書!C7 -> 500000 | C6: ='【行事予算案（入力）】）'!D4 -> 500000 | D6: 注１ | E6: 行政分担金 | F6: =今期決算書!G7 -> 31610 | G6: 31610
A7: 区・文書等配布委託金 | B7: =今期決算書!C8 -> 130800 | C7: 130800 | E7: 自治連年会費 | F7: =今期決算書!G8 -> 23000 | G7: 23000
A8: 行事収入 | B8: =今期決算書!C9 -> 30600 | C8: ='【行事予算案（入力）】）'!D8 -> 40000 | D8: 注２ | E8: 防犯協会加入分担金 | F8: =今期決算書!G9 -> 12630 | G8: 12630
A9: その他収入 | B9: =今期決算書!C10 -> 123413 | C9: =C10+C11+C12 -> 84012 | E9: 活動費 | F9: =今期決算書!G10 -> 394048 | G9: =SUM(G10:G13) -> 503854
A10: ①集団回収報奨金 | B10: =今期決算書!C11 -> 51900 | C10: ='【行事予算案（入力）】）'!D10 -> 14000 | D10: 注３ | E10: ①行事支出 | F10: =今期決算書!G11 -> 325075 | G10: ='【行事予算案（入力）】）'!J18 -> 451000 | H10: 注５
A11: ②アルミ缶回収費 | B11: =今期決算書!C12 -> 71500 | C11: 70000 | E11: ②自治会保険料 | F11: =今期決算書!G12 -> 33354 | G11: 33354
A12: ③その他 | B12: =今期決算書!C13 -> 13 | C12: 12 | D12: 利息等 | E12: ③募金支出 | F12: =今期決算書!G13 -> 24470 | G12: ='【行事予算案（入力）】）'!J22 -> 14000 | H12: 注６
A13: 寄付金 | B13: =今期決算書!C14 -> 150000 | C13: ='【行事予算案（入力）】）'!D15 -> 150000 | D13: 注４ | E13: ④諸経費 | F13: =今期決算書!G14 -> 11149 | G13: ='【行事予算案（入力）】）'!J26 -> 5500 | H13: 注７
A14: 募金 | B14: =今期決算書!C15 -> 3887 | C14: 5000 | E14: 印刷関係費（コピー機使用料） | F14: =今期決算書!G15 -> 45480 | G14: 50000
E15: 備品費 | F15: =今期決算書!G16 -> 8618 | G15: 10000
E16: 消耗品費 | F16: =今期決算書!G17 -> 42290 | G16: 50000
E17: 渉外費 | F17: =今期決算書!G18 -> 101095 | G17: ='【行事予算案（入力）】）'!J30 -> 140000 | H17: 注８
E18: 銀行手数料 | F18: =今期決算書!G19 -> 3250 | G18: 3250
E19: 予備費 | F19: =今期決算書!G20 -> 0 | G19: 80000
A20: 収入合計 | B20: =今期決算書!C21 -> 938700 | C20: =SUM(C6:C9)+C13+C14 -> 909812 | E20: 支出合計 | F20: =今期決算書!G21 -> 662021 | G20: =SUM(G6:G9)+SUM(G14:G19) -> 904344
A21: 前期繰越金 | B21: =今期決算書!C22 -> 1442222 | C21: =今期決算書!G22 -> 1718901 | E21: 次期繰越金 | F21: =今期決算書!G22 -> 1718901 | G21: =G22-G20 -> 1724369
A22: 収入・繰越金合計 | B22: =SUM(B20:B21) -> 2380922 | C22: =SUM(C20:C21) -> 2628713 | E22: 支出・繰越金合計 | F22: =今期決算書!G23 -> 2380922 | G22: =C22 -> 2628713
A27: 予算案注記

Sheet 【行事予算案（入力）】）
A1: [収入の部] | G1: [支出の部]
J2: 今期予算 | L2: 前期実績 | N2: 前期予算
A3: 注１ | B3: コミュニティ費（管理組合より） | G3: 注５ | H3: 行事支出 | I3: 端午の節句飾り | K3: 円（ | L3: 3716 | M3: 円/ | N3: 10000 | O3: 円）
C4: 2019年6月～2020年5月 | D4: 500000 | E4: 円 | I4: 七夕飾り | J4: 10000 | K4: 円（ | L4: 6724 | M4: 円/ | N4: 30000 | O4: 円）
I5: バームの夏まつり | J5: 130000 | K5: 円（ | L5: 107145 | M5: 円/ | N5: 150000 | O5: 円）
A6: 注２ | B6: 行事収入 | C6: バームの夏まつり | D6: 30000 | E6: 円 | I6: 防災訓練 | J6: 500 | K6: 円（ | L6: 440 | M6: 円/ | O6: 円）
C7: バームのいも煮会 | D7: 10000 | E7: 円 | I7: 運動会 | K7: 円（ | L7: 7800 | M7: 円/ | N7: 50000 | O7: 円）
C8: 合計 | D8: =SUM(D6:D7) -> 40000 | E8: 円 | I8: バームのいも煮会 | J8: 80000 | K8: 円（ | L8: 0 | M8: 円/ | N8: 100000 | O8: 円）
I9: おもちつき | K9: 円（ | L9: 0 | M9: 円/ | N9: 130000 | O9: 円）
A10: 注３ | B10: 集団回収報奨金 | D10: 14000 | E10: 円 | I10: クリスマス飾り | J10: 45000 | K10: 円（ | L10: 49398 | M10: 円/ | N10: 10000 | O10: 円）
B11: 段ボール、古着・古布の集団回収を止めたため、区の報奨金 | I11: 年末電飾 | J11: 60000 | K11: 円（ | L11: 42395 | M11: 円/ | N11: 40000 | O11: 円）
B12: が大幅に減少する見込み。 | I12: カレンダー交換会 | J12: 500 | K12: 円（ | L12: 100 | M12: 円/ | O12: 円）
I13: 正月飾り | J13: 70000 | K13: 円（ | L13: 61769 | M13: 円/ | N13: 70000 | O13: 円）
A14: 注４ | B14: 寄付金（東京葬祭より） | I14: 鏡開き | K14: 円（ | L14: 0 | M14: 円/ | N14: 10000 | O14: 円）
C15: @30,000×5回＝ | D15: 150000 | E15: 円 | I15: 新年顔合わせ会 | J15: 40000 | K15: 円（ | L15: 42530 | M15: 円/ | N15: 30000 | O15: 円）
I16: ひな祭り飾り | J16: 10000 | K16: 円（ | L16: 3058 | M16: 円/ | N16: 10000 | O16: 円）
I17: バザー | J17: 5000 | K17: 円（ | L17: 0 | M17: 円/ | N17: 5000 | O17: 円）
I18: 合計 | J18: =SUM(J3:J17) -> 451000 | K18: 円（ | L18: =SUM(L3:L17) -> 325075 | M18: 円/ | N18: =SUM(N3:N17) -> 645000 | O18: 円）
G20: 注６ | H20: 募金支出 | I20: 歳末たすけあい運動募金 | J20: 10000 | K20: 円
I21: その他募金 | J21: 4000 | K21: 円
I22: 合計 | J22: =SUM(J20:J21) -> 14000 | K22: 円
G24: 注７ | H24: 諸経費 | I24: 交通費 | J24: 3000 | K24: 円
I25: 印刷費、会議費他 | J25: 2500 | K25: 円
I26: 合計 | J26: =SUM(J24:J25) -> 5500 | K26: 円
H27: 第16期、コピー機故障対応の為、想定外のコンビニでの印刷費5,700円の支出があった。
H28: 第17期はその分を差し引いた予算としてある。
G30: 注８ | H30: 渉外費 | I30: 自治連会合費他 | J30: 140000 | K30: 円
